AoeStats
← purotte^

Arabia

509927825Analyzed
4v4 RM · 2d ago on Sep 28, 2026· 27m 49s· 8 players
Game mode
Random Map
Map size
Large (8 player)
Population
200
Speed
Normal
Resources
Standard
Victory
Conquest
Starting age
Dark Age
Ending age
Imperial Age
RankedLock teamsTeams togetherTeam positionsShared explorationLock speedFull tech treeHidden civsTurbo modeCheats
Victory
Defeat
🇪🇸 Magyars · Spain
927
+12
🇪🇸 Cumans · Spain
923
+12
🇪🇸 Byzantines · Spain
892
+14
🇪🇸 Vietnamese · Spain
882
+14
🇮🇹 Muisca · Italy
876
-14
🇫🇷 Burgundians · France
853
-13
🇸🇦 Britons · Saudi Arabia
829
-13
🇨🇳 Magyars · China
804
-12
Zbar
0:29 Loom
1:31 Wheelbarrow
12:41 Feudal Age
13:14 Town Watch
maalrugu
6:45 Loom
9:50 Feudal Age
10:35 Double-Bit Axe
12:19 Champi Runner
24:36 Castle Age
22:59 Scale Mail Armor
23:10 Forging
22:57 Gold Mining
22:49 Horse Collar
24:15 Wheelbarrow
remofjlanzoni
3:19 Loom
9:35 Feudal Age
10:18 Double-Bit Axe
16:32 Fletching
16:42 Padded Archer Armor
老人家手脚慢
11:13 Feudal Age
11:44 Double-Bit Axe
11:42 Horse Collar
17:09 Gold Mining
21:19 Castle Age
19:57 Wheelbarrow
19:54 Scale Barding Armor
21:11 Loom
21:21 Stone Mining
Manu
3:47 Loom
11:44 Feudal Age
16:38 Fletching
17:27 Double-Bit Axe
24:43 Castle Age
23:41 Padded Archer Armor
25:00 Horse Collar
25:02 Crossbowman
aSskinho
10:46 Feudal Age
11:52 Double-Bit Axe
21:43 Horse Collar
24:49 Castle Age
Kuato
9:44 Loom
11:29 Feudal Age
12:28 Double-Bit Axe
15:47 Bloodlines
16:56 Scale Barding Armor
16:33 Horse Collar
22:28 Castle Age
22:25 Wheelbarrow
21:35 Town Watch
23:21 Husbandry
23:44 Chain Barding Armor
purotte^
10:58 Feudal Age
11:23 Double-Bit Axe
14:21 Horse Collar
19:34 Forging
19:17 Fletching
24:59 Castle Age
25:04 Wheelbarrow
26:43 Bodkin Arrow
27:11 Elite Skirmisher
Connection lost

Rejoining the realm…

Still unreachable

The connection could not be restored.

Session expired

The server has moved on; the page needs a fresh start.